 Dungeon Crawl Stone Soup version 0.31.0-9-g3a7656b989 (console) character file.

Game seed: 12528010270553232246

1605 Ignak the Magician (level 8, -6/60 HPs)
             Began as a Gnoll Air Elementalist on Jan 27, 2024.
             Was a Follower of Sif Muna.
             Mangled by a two-headed ogre
             ... wielding a +9 giant spiked club
              (10 damage)
             ... on level 6 of the Dungeon.
             The game lasted 00:28:56 (6685 turns).

Ignak the Magician (Gnoll Air Elementalist)         Turns: 6685, Time: 00:28:56

Health: -6/60      AC:  8    Str:  4    XL:     8   Next: 94%
Magic:  10/17      EV: 14    Int: 20    God:    Sif Muna [*.....]
Gold:   308        SH:  0    Dex: 21    Spells: 9/19 levels left

rFire   . . .        b - +7 sling {elec, rC++ Str-3 Dex+4}
rCold   + + .        (no shield)
rNeg    . . .        u - +3 leather armour
rPois   .            (no helmet)
rElec   .            (no cloak)
rCorr   +            l - +0 pair of gloves of Weuch {rCorr Int+2 Dex+5}
SInv    +            d - +0 pair of boots
Will    .....        (no amulet)
Stlth   +++          m - ring of see invisible
HPRegen 0.30/turn    c - ring of flight
MPRegen 0.15/turn

%: no passive effects
@: sluggish, flying, very slow
A: fangs 1, strong nose, distributed training
a: Renounce Religion, Channel Magic


You were on level 6 of the Dungeon.
You worshipped Sif Muna.
Sif Muna was aware of your devotion.
You visited 1 branch of the dungeon, and saw 6 of its levels.

You collected 308 gold pieces.

Inventory:

Hand Weapons
 a - a +0 falchion of electrocution
 b - the +7 sling of Wisdom (weapon) {elec, rC++ Str-3 Dex+4}
   (You found it on level 6 of the Dungeon)

   Str-3:     It affects your strength (-3).
   Dex+4:     It affects your dexterity (+4).
   rC++:      It greatly protects you from cold.
Missiles
 r - 2 curare-tipped darts (quivered)
 x - 8 poisoned darts
Armour
 d - a +0 pair of boots (worn)
 l - the +0 pair of gloves of Weuch (worn) {rCorr Int+2 Dex+5}
   (You found it on level 4 of the Dungeon)

   Int+2:     It affects your intelligence (+2).
   Dex+5:     It affects your dexterity (+5).
   rCorr:     It protects you from acid and corrosion.
 u - a +3 leather armour (worn)
Jewellery
 c - a ring of flight (right hand)
 m - a ring of see invisible (left hand)
Wands
 j - a wand of flame (9)
 w - a wand of charming (5)
Scrolls
 g - a scroll of poison
 h - a scroll of enchant armour
 i - a scroll of vulnerability
 k - a scroll of enchant weapon {unknown}
 o - a scroll of fog
 p - a scroll of fear
 q - a scroll of brand weapon
 s - a scroll of revelation
Potions
 e - 2 potions of degeneration {unknown}
 f - a potion of attraction {unknown}
 v - 2 potions of enlightenment {unknown}
 y - a potion of magic


   Skills:
 + Level 3.8 Fighting
 + Level 3.8 Short Blades
 + Level 3.8 Long Blades
 + Level 3.8 Axes
 + Level 3.8 Maces & Flails
 + Level 3.8 Polearms
 + Level 3.8 Staves
 + Level 3.8 Ranged Weapons
 + Level 3.8 Throwing
 + Level 3.8 Armour
 + Level 6.0 Dodging
 + Level 5.7 Stealth
 + Level 3.8 Shields
 + Level 3.8 Unarmed Combat
 + Level 6.4 Spellcasting
 + Level 3.9 Conjurations
 + Level 3.1 Hexes
 + Level 3.1 Summonings
 + Level 3.1 Necromancy
 + Level 3.1 Translocations
 + Level 3.1 Fire Magic
 + Level 3.1 Ice Magic
 + Level 6.3 Air Magic
 + Level 3.1 Earth Magic
 + Level 3.1 Alchemy
 + Level 4.2 Invocations
 + Level 3.8 Evocations
 + Level 3.5 Shapeshifting


You had 9 spell levels left.
You knew the following spells:

 Your Spells              Type           Power      Damage    Failure   Level
a - Shock                 Conj/Air       100%       1d9       1%          1
b - Swiftness             Air            31%        N/A       3%          3
c - Airstrike             Air            15%        2d(3-19)  12%         4
z - Static Discharge      Conj/Air       54%        3-6/arc   3%          2

Your spell library contained the following spells:

 Spells                   Type           Power      Damage    Failure   Level


Dungeon Overview and Level Annotations

Branches:
Dungeon (6/15)
 Temple: D:4-7

Altars:
Ashenzari
Sif Muna

Shops:
D:1 !   D:4 *   D:6 =


Innate Abilities, Weirdness & Mutations

You have very sharp teeth.
Your uncanny sense of smell can sniff out nearby items.
Your experience applies equally to all skills.


Message History

The ogre is struck by an arc of lightning!
You kill the ogre!
Sif Muna accepts your kill.
The two-headed ogre is struck by an arc of lightning.
The two-headed ogre is heavily wounded.
The lightning grounds out.
The two-headed ogre is struck by an arc of lightning.
The two-headed ogre is heavily wounded.
You are struck by an arc of lightning.
The lightning grounds out.
The two-headed ogre closely misses you.
The two-headed ogre hits you with the +2 great mace "Hohif" {flame, MP+9 Dex+5 SInv}!
The two-headed ogre burns you.
Casting: Static Discharge (safe; 3% risk of failure)
Confirm with . or Enter, or press ? or * to list all spells.
You feel quick.
The two-headed ogre attacks as it pursues you!
The two-headed ogre hits you with a +9 giant spiked club!!
* * * LOW HITPOINT WARNING * * *
The two-headed ogre barely misses you.
There is a transporter here.
You enter the transporter and appear at another place.
You start resting.
You start to feel a little slower.
Press: ? - help, v - describe, . - travel, g - get item
Here: a two-headed ogre, wielding a +9 giant spiked club and the +2 great mace "Hohif" {flame, MP+9 Dex+5 SInv} (heavily wounded, fire blocked by a translucent stone wall) Item here: a dagger.
The floor.
There is a transporter here.
You enter the transporter and appear at another place.
A two-headed ogre is nearby!
Casting: Swiftness (dangerous; 3% risk of failure)
Confirm with . or Enter, or press ? or * to list all spells.
Okay, then.
You feel sluggish.
There is a transporter here.
You enter the transporter and appear at another place.
The two-headed ogre hits you with a +9 giant spiked club!
* * * LOW HITPOINT WARNING * * *
The two-headed ogre hits you with the +2 great mace "Hohif" {flame, MP+9 Dex+5 SInv}!
You die...

......# ##########
#.# ###.###
########..###.# #.#
#......#..#...# # #.#
#.#..#.#).#.###
###.#####..##..#..#.#
.......##..##..#..#.#
.##.##.##.#..#)#©...#
........#©)...$#)..##
.#.###.##.#..#"#@O##
.#.###.##..##..#..#
.......##..##..#..#
......###.#..#.#..#
##.##.# #§.....#..#
##.##.# ########..#
...##.# ##### .####.#
.####.#


You could see a two-headed ogre.

Vanquished Creatures
  The ghost of Fv001 the Cudgeller, a novice DsFi (D:6)
  Eustachio (D:6)
  3 ogres (D:6)
  A phantom (D:5)
  Blork the orc (D:4)
  A bullfrog (D:5)
  A kobold brigand (D:6)
  A scorpion (D:5)
  2 jellies (D:6)
  2 hounds (D:5)
  A sleepcap (D:6)
  A gnoll bouda (D:6)
  Ijyb (D:4)
  2 iguanas
  7 gnolls
  5 adders
  2 ufetubi (D:5)
  3 ribbon worms
  3 orcs
  12 endoplasms
  9 giant cockroaches
  6 goblins
  13 hobgoblins
  3 jackals (D:3)
  9 kobolds
  3 quokkas
  9 ball pythons
  6 bats
  4 frilled lizards
  11 rats
124 creatures vanquished.

Notes
Turn   | Place    | Note
-------+----------+-------------------------------------------
     0 | D:1      | Ignak the Gnoll Air Elementalist began the quest for the
                  | Orb.
     0 | D:1      | Reached XP level 1. HP: 13/13 MP: 6/6
    53 | D:1      | Found Vaman's Distillery.
   106 | D:1      | Reached XP level 2. HP: 13/19 MP: 3/7
   236 | D:1      | Learned a level 2 spell: Static Discharge
   294 | D:1      | Reached skill level 5 in Spellcasting
   294 | D:1      | Reached XP level 3. HP: 17/25 MP: 1/9
   533 | D:1      | Reached skill level 1 in Invocations
   540 | D:1      | Learned a level 3 spell: Swiftness
  1175 | D:2      | Reached skill level 1 in Fighting
  1175 | D:2      | Reached skill level 1 in Short Blades
  1175 | D:2      | Reached skill level 1 in Long Blades
  1175 | D:2      | Reached skill level 1 in Axes
  1175 | D:2      | Reached skill level 1 in Maces & Flails
  1175 | D:2      | Reached skill level 1 in Polearms
  1175 | D:2      | Reached skill level 1 in Staves
  1175 | D:2      | Reached skill level 1 in Ranged Weapons
  1175 | D:2      | Reached skill level 1 in Throwing
  1175 | D:2      | Reached skill level 1 in Armour
  1175 | D:2      | Reached skill level 1 in Shields
  1175 | D:2      | Reached skill level 1 in Unarmed Combat
  1175 | D:2      | Reached skill level 1 in Evocations
  1228 | D:2      | Reached skill level 1 in Shapeshifting
  1228 | D:2      | Reached XP level 4. HP: 27/32 MP: 6/11
  1711 | D:2      | Reached skill level 1 in Hexes
  1711 | D:2      | Reached skill level 1 in Summonings
  1711 | D:2      | Reached skill level 1 in Necromancy
  1711 | D:2      | Reached skill level 1 in Translocations
  1711 | D:2      | Reached skill level 1 in Fire Magic
  1711 | D:2      | Reached skill level 1 in Ice Magic
  1711 | D:2      | Reached skill level 1 in Earth Magic
  1711 | D:2      | Reached skill level 1 in Alchemy
  2189 | D:3      | Found a shimmering blue altar of Sif Muna.
  2197 | D:3      | Became a worshipper of Sif Muna the Loreminder
  2529 | D:3      | Reached XP level 5. HP: 37/37 MP: 9/12
  2737 | D:4      | Learned a level 4 spell: Airstrike
  2976 | D:4      | Noticed Blork the orc
  2985 | D:4      | Killed Blork the orc
  3153 | D:4      | Noticed Ijyb
  3160 | D:4      | Killed Ijyb
  3161 | D:4      | Reached XP level 6. HP: 36/44 MP: 8/13
  3251 | D:4      | Found Jiamu's General Store.
  3253 | D:4      | Identified the +0 pair of gloves of Weuch {rCorr Int+2
                  | Dex+5}
  3379 | D:5      | Entered Level 5 of the Dungeon
  3397 | D:5      | Identified the +1 falchion of Karma {antimagic, Dex+3}
  3700 | D:5      | Reached skill level 5 in Dodging
  3700 | D:5      | Reached * piety under Sif Muna
  3974 | D:5      | Reached XP level 7. HP: 51/51 MP: 7/15
  4503 | D:6      | Found a broken altar of Ashenzari.
  4600 | D:6      | Reached skill level 5 in Stealth
  4806 | D:6      | Identified the +7 sling of Wisdom {elec, rC++ Str-3 Dex+4}
  4977 | D:6      | Found Xutsy's Jewellery Shop.
  5037 | D:6      | Found a transporter.
  5037 | D:6      | Noticed Fv001's ghost (novice DsFi)
  5044 | D:6      | Identified the +2 great mace "Hohif" {flame, MP+9 Dex+5
                  | SInv}
  5044 | D:6      | Noticed a two-headed ogre
  5047 | D:6      | Found a transporter.
  5072 | D:6      | Reached XP level 8. HP: 33/58 MP: 9/16
  6273 | D:6      | Noticed Eustachio
  6284 | D:6      | Killed Eustachio
  6568 | D:6      | Killed Fv001's ghost
  6685 | D:6      | Mangled by a two-headed ogre

Illustrated notes

Levels and vault maps discovered:
D:1:      matt_arrival_diagonals, layout_basic, serial_shops,
          nicolae_shop_temple_entry_statues_fountains, hex_intersection,
          minmay_close_crescents
D:2:      layout_loops_ring, grunt_ministairs_6,
          nicolae_concentric_dashed_squares_mild
D:3:      minmay_angry_zag, layout_basic, lemuel_round_altar
D:4:      layout_rooms, serial_shops, shop, uniq_ijyb, uniq_blork_the_orc
D:5:      layout_loops_corners, kennysheep_generic_room_14
D:6:      layout_loops_cross, mainiacjoe_overflow_alcove_1,
          gammafunk_ghost_smash, serial_shops, shop, uniq_eustachio

Skill      XL: |  1  2  3  4  5  6  7  8 |
---------------+-------------------------+-----
Conjurations   | 2 3 |  3.9
Spellcasting   | 5 6 |  6.4
Invocations    | 1 2 3 4 |  4.2
Fighting       | 1 2 3 |  3.8
Short Blades   | 1 2 3 |  3.8
Long Blades    | 1 2 3 |  3.8
Axes           | 1 2 3 |  3.8
Maces & Flails | 1 2 3 |  3.8
Polearms       | 1 2 3 |  3.8
Staves         | 1 2 3 |  3.8
Ranged Weapons | 1 2 3 |  3.8
Throwing       | 1 2 3 |  3.8
Armour         | 1 2 3 |  3.8
Shields        | 1 2 3 |  3.8
Unarmed Combat | 1 2 3 |  3.8
Evocations     | 1 2 3 |  3.8
Shapeshifting  | 1 2 3 |  3.5
Hexes          | 1 2 3 |  3.1
Summonings     | 1 2 3 |  3.1
Necromancy     | 1 2 3 |  3.1
Translocations | 1 2 3 |  3.1
Fire Magic     | 1 2 3 |  3.1
Ice Magic      | 1 2 3 |  3.1
Earth Magic    | 1 2 3 |  3.1
Alchemy        | 1 2 3 |  3.1
Dodging        | 5 6 |  6.0
Stealth        | 5 |  5.7
Air Magic      | 6 |  6.3

Action                     |  1- 3 |  4- 6 |  7- 9 || total
---------------------------+-------+-------+-------++-------
  Melee: Unarmed           |    29 |       |       ||    29
         Bite              |     7 |     6 |     1 ||    14
         Short sword       |    13 |    36 |       ||    49
         Whip              |    13 |       |       ||    13
         Dagger            |     7 |       |       ||     7
         Scimitar          |       |     9 |    13 ||    22
   Fire: Sling             |       |       |    31 ||    31
  Throw: Dart              |       |     1 |     3 ||     4
   Cast: Shock             |    51 |    92 |    28 ||   171
         Static Discharge  |       |     4 |    17 ||    21
         Airstrike         |       |     4 |    10 ||    14
         Swiftness         |       |       |     8 ||     8
 Invoke: Channel Magic     |       |       |     1 ||     1
  Evoke: Wand              |       |       |     6 ||     6
    Use: Scroll            |       |     5 |     8 ||    13
   Stab: Sleeping          |     5 |     4 |     1 ||    10
 Armour: Robe              |    38 |    29 |       ||    67
         Leather armour    |       |     9 |    59 ||    68
  Dodge: Dodged            |    50 |    45 |    40 ||   135
